 Dungeon Crawl Stone Soup version 0.19-a0-1937-g70ed36a (webtiles) character file.

2088 JeffiDaFish the Cleaver (level 9, 0/78 HPs)
             Began as a Hill Orc Fighter on Oct 26, 2016.
             Succumbed to a killer bee's poison
             ... on level 7 of the Dungeon.
             The game lasted 00:13:22 (5471 turns).

JeffiDaFish the Cleaver (Hill Orc Fighter)          Turns: 5471, Time: 00:13:23

Health: 0/78       AC: 18    Str: 30    XL:     9   Next: 27%
Magic:  12/12      EV:  6    Int:  8    God:
Gold:   367        SH: 11    Dex: 11    Spells: 1 memorised, 9 levels left

rFire  . . .     SeeInvis .     a - +2 war axe
rCold  + + .     Gourm    .     i - +0 plate armour
rNeg   . . .     Faith    .     c - +0 shield
rPois  .         Spirit   .     p - +2 helmet "Fogalyuxi" {+Blink rC+ rCorr Str+4 Slay-2}
rElec  .         Reflect  .     (no cloak)
rCorr  +         Harm     .     g - +1 pair of gloves
MR     .....                    (no boots)
Stlth  ..........               n - amulet of rage
                                m - ring of protection from cold
                                e - ring of flight

@: mighty, lethally poisoned (0 -> -9)
A: no striking features
a: Evoke Blink, Evoke Berserk Rage, Evoke Flight


You were on level 7 of the Dungeon.
You were hungry.

You visited 1 branch of the dungeon, and saw 7 of its levels.

You collected 367 gold pieces.

Inventory:

Hand Weapons
 a - a +2 war axe (weapon)
Armour
 c - a +0 shield (worn)
 g - a +1 pair of gloves (worn)
 i - a +0 plate armour (worn)
 p - the +2 helmet "Fogalyuxi" (worn) {+Blink rC+ rCorr Str+4 Slay-2}
   (You found it on level 4 of the Dungeon)

   It affects your strength (+4).
   It affects your accuracy and damage with ranged weapons and melee attacks
   (-2).
   It protects you from cold.
   It lets you blink.
   It protects you from acid and corrosion.
Jewellery
 e - a ring of flight (left hand)
 m - a ring of protection from cold (right hand)
 n - an amulet of rage (around neck)
Wands
 r - a wand of flame (22/48)
 v - a wand of lightning (8/15)
Scrolls
 b - 4 scrolls of identify
 k - a scroll of amnesia
 q - a scroll of teleportation
 t - a scroll of remove curse
 x - a scroll of magic mapping
Potions
 d - a potion of might
 o - 2 potions of curing
 z - a potion of magic
Books
 w - a book of Misfortune

   Spells                             Type                      Level
   a - Confusing Touch                Hexes                        1
   b - Confuse                        Hexes                        3
   c - Gell's Gravitas                Hexes/Translocation          3
   d - Petrify                        Transmutation/Earth          4
   e - Metabolic Englaciation         Hexes/Ice                    5
   f - Yara's Violent Unravelling     Hexes/Transmutation          5
Comestibles
 f - 8 bread rations
 h - 2 meat rations
 j - a beef jerky
 l - a fruit
 u - a slice of pizza


   Skills:
 + Level 6.7 Fighting
 + Level 10.1 Axes
 + Level 6.0 Armour
 + Level 6.1 Shields
 + Level 2.0 Spellcasting
 + Level 2.8 Hexes


You had 9 spell levels left.
You knew the following spells:

 Your Spells              Type           Power        Failure   Level  Hunger
a - Confuse               Hex            #.......     100%        3    ####...


Dungeon Overview and Level Annotations

Branches:
Dungeon (7/15)             Temple (0/1) D:4

Altars:
Nemelex Xobeh
Xom


Message History

The killer bee stings you but does no damage.
You barely miss the killer bee.
The killer bee is heavily wounded.
The killer bee stings you but does no damage. x2
Your shield and plate armour prevent you from hitting the killer bee.
The killer bee is heavily wounded.
The killer bee stings you.
* * * LOW HITPOINT WARNING * * *
You are more poisoned.
The killer bee poisons you! The killer bee stings you.
* * * LOW HITPOINT WARNING * * *
You are more poisoned.
The killer bee poisons you!
You slash the killer bee!
You kill the killer bee!
* * * LOW HITPOINT WARNING * * *
You feel sick. You block the killer bee's attack.
You slash the killer bee!
The killer bee is almost dead.
You die...

#..# .# #.(# .# #.(# #.####
#.(# .#.....# ##(# .......#
####)#### #+
......###..).(... ...
####................
.>..#####5y@.#.####.........
..........####..............
...##...>..................
#...†...................
................#####(.......
.............![..............
.####............####........
##.........### #........
##...#...## #########


You could see a killer bee and a shadow imp.

Vanquished Creatures
  A two-headed ogre (D:5)
  Sigmund (D:5)
  2 sky beasts
  An orc warrior (D:6)
  An ice beast (D:5)
  A big kobold (D:7)
  Blork the orc (D:6)
  A bullfrog (D:7)
  A gnoll sergeant (D:5)
  4 killer bees (D:7)
  3 howler monkeys (D:7)
  A centaur skeleton (D:7)
  4 hounds
  2 jellies
  A bullfrog skeleton (D:6)
  An orc wizard (D:3)
  4 iguanas
  Natasha (thrice) (D:3)
  2 worker ants
  Terence (D:2)
  A killer bee zombie (D:5)
  Robin (D:3)
  8 gnolls
  3 adders
  A shadow imp (D:5)
  2 oozes
  An adder zombie (D:7)
  An adder skeleton (D:4)
  A worm (D:3)
  A dart slug (D:1)
  2 leopard geckos
  8 orcs
  7 bats
  5 giant cockroaches
  18 goblins
  11 hobgoblins
  10 jackals
  5 quokkas
  A ball python (D:4)
  5 frilled lizards
  13 kobolds
  A leopard gecko skeleton (D:4)
  13 rats
155 creatures vanquished.

Notes
Turn   | Place    | Note
-------+----------+-------------------------------------------
     0 | D:1      | JeffiDaFish the Hill Orc Fighter began the quest for the Orb.
     0 | D:1      | Reached XP level 1. HP: 19/19 MP: 1/1
   238 | D:1      | Reached XP level 2. HP: 17/27 MP: 2/2
   445 | D:1      | Reached skill level 3 in Axes
   539 | D:1      | Reached XP level 3. HP: 24/33 MP: 3/3
   834 | D:1      | Found a sparkling altar of Nemelex Xobeh.
  1191 | D:2      | Noticed Terence
  1200 | D:2      | Killed Terence
  1200 | D:2      | Reached skill level 4 in Axes
  1200 | D:2      | Reached XP level 4. HP: 37/40 MP: 4/4
  1910 | D:3      | Noticed Natasha
  1926 | D:3      | Killed Natasha
  1926 | D:3      | Reached skill level 5 in Axes
  1926 | D:3      | Reached XP level 5. HP: 8/46 MP: 5/5
  2438 | D:3      | Noticed Natasha
  2446 | D:3      | Killed Natasha
  2446 | D:3      | Reached XP level 6. HP: 29/53 MP: 6/6
  2699 | D:3      | Noticed Natasha
  2699 | D:3      | Reached skill level 6 in Axes
  2706 | D:3      | Killed Natasha
  2707 | D:3      | Noticed Robin
  2719 | D:3      | Killed Robin
  2743 | D:3      | Got an ichor-stained helmet
  2749 | D:3      | Identified the -4 helmet "Ticu" {rC+ rCorr Int+5} (You took it off Robin on level 3 of the Dungeon)
  3027 | D:4      | Got a faintly humming helmet
  3033 | D:4      | Identified the +2 helmet "Fogalyuxi" {+Blink rC+ rCorr Str+4 Slay-2} (You found it on level 4 of the Dungeon)
  3241 | D:4      | Found a shimmering altar of Xom.
  3259 | D:4      | Found a staircase to the Ecumenical Temple.
  3353 | D:5      | Entered Level 5 of the Dungeon
  3381 | D:5      | Noticed a sky beast
  3414 | D:5      | Killed a sky beast
  3581 | D:5      | Reached XP level 7. HP: 60/60 MP: 7/7
  3613 | D:5      | Reached skill level 7 in Axes
  3824 | D:5      | Noticed a two-headed ogre
  3829 | D:5      | Noticed Sigmund
  3830 | D:5      | Killed a two-headed ogre
  3830 | D:5      | Reached skill level 5 in Fighting
  3830 | D:5      | Reached skill level 8 in Axes
  3830 | D:5      | Reached skill level 5 in Shields
  3845 | D:5      | Killed Sigmund
  3845 | D:5      | Reached skill level 9 in Axes
  3845 | D:5      | Reached skill level 5 in Armour
  3845 | D:5      | Reached XP level 8. HP: 42/69 MP: 8/8
  3975 | D:5      | Learned a level 3 spell: Confuse
  4650 | D:6      | Noticed Blork the orc
  4655 | D:6      | Killed Blork the orc
  4655 | D:6      | Reached skill level 1 in Hexes
  4863 | D:6      | Reached skill level 1 in Spellcasting
  5251 | D:7      | Reached XP level 9. HP: 50/78 MP: 11/11
  5444 | D:7      | Reached skill level 10 in Axes
  5469 | D:7      | HP: 2/78 [killer bee (3)]
  5471 | D:7      | Succumbed to a killer bee's poison

Vault maps used:
D:1:      dpeg_arrival_castle, st_stairs_11, moated_statue,
          nemelex_xobeh_ov_fountains_minmay
D:2:      uniq_terence
D:3:      uniq_natasha, uniq_robin
D:4:      nicolae_overflow_hidden_temple, first_bread, grunt_decor_resistance
D:5:      uniq_sigmund
D:6:      uniq_blork_the_orc
D:7:      grunt_ogre_cave, grunt_dithmenos_shadows, uniq_duvessa

Skill      XL: |  1  2  3  4  5  6  7  8  9 |
---------------+----------------------------+-----
Fighting       | 4 5 6 |  6.7
Axes           | 3 4 5 6 9 10 | 10.1
Armour         | 4 5 6 |  6.0
Shields        | 4 5 6 |  6.1
Hexes          | 2 |  2.8
Spellcasting   | 1 2 |  2.0

Action                   |  1- 3 |  4- 6 |  7- 9 || total
-------------------------+-------+-------+-------++-------
Melee: War axe           |    81 |   246 |   245 ||   572
  Use: Scroll            |     3 |     3 |     4 ||    10
       Potion            |     1 |     3 |     6 ||    10
  Eat: Chunk             |     1 |     3 |     7 ||    11
       Bread ration      |       |     1 |       ||     1
Armor: Scale mail        |     7 |       |       ||     7
       Chain mail        |    28 |       |       ||    28
       Plate armour      |     4 |   166 |   166 ||   336
Dodge: Dodged            |    13 |    37 |    57 ||   107
Block: Shield            |    43 |   110 |   151 ||   304
